 Dungeon Crawl Stone Soup version 0.19.5 (webtiles) character file.

98 McKennaii the Magician (level 4, -7/24 HPs)
             Began as a Deep Elf Fire Elementalist on May 13, 2017.
             Killed by divine providence
             ... invoked by an orc priest
              (11 damage)
             ... on level 3 of the Dungeon.
             The game lasted 00:03:00 (1502 turns).

McKennaii the Magician (Deep Elf Fire Elementalist) Turns: 1502, Time: 00:03:00

Health: -7/24      AC:  7    Str:  5    XL:     4   Next: 43%
Magic:  8/12       EV: 13    Int: 21    God:
Gold:   121        SH:  0    Dex: 15    Spells: 1 memorised, 11 levels left

rFire  + . .     SeeInvis .     (no weapon)
rCold  . . .     Gourm    .     a - +0 robe
rNeg   . . .     Faith    .     (no shield)
rPois  .         Spirit   .     (no helmet)
rElec  .         Reflect  .     (no cloak)
rCorr  .         Harm     .     (no gloves)
MR     .....                    (no boots)
Stlth  ++........               (no amulet)
                                m - ring of protection from fire
                                q - +5 ring of protection

@: no status effects
A: no striking features
a: no special abilities


You were on level 3 of the Dungeon.
You were not hungry.

You visited 1 branch of the dungeon, and saw 3 of its levels.

You collected 121 gold pieces.

Inventory:

Armour
 a - a +0 robe (worn)
Jewellery
 f - a +2 ring of dexterity
 m - a ring of protection from fire (right hand)
 n - an uncursed ring of poison resistance
 q - a +5 ring of protection (left hand)
Scrolls
 d - a scroll of immolation {unknown}
 e - a scroll of enchant weapon {unknown}
 g - a scroll of identify
 i - a scroll of teleportation {unknown}
 k - a scroll of random uselessness {unknown}
 l - 3 scrolls of fog
 p - a scroll of remove curse {unknown}
Potions
 j - a potion of agility {unknown}
 o - a potion of flight {unknown}
 r - a potion of heal wounds {unknown}
 s - a potion of magic {unknown}
Books
 b - a book of Flames

   Spells                             Type                      Level
   a - Flame Tongue                   Conjuration/Fire             1
   b - Throw Flame                    Conjuration/Fire             2
   c - Conjure Flame                  Conjuration/Fire             3
   d - Inner Flame                    Hexes/Fire                   3
   e - Sticky Flame                   Conjuration/Fire             4
   f - Fireball                       Conjuration/Fire             5
Comestibles
 c - a bread ration
 h - a beef jerky


   Skills:
 + Level 0.1 Fighting
 + Level 2.7 Dodging
 + Level 2.8 Stealth
 + Level 0.1 Unarmed Combat
 + Level 4.5 Spellcasting
 + Level 2.1 Conjurations
 + Level 4.1 Fire Magic


You had 11 spell levels left.
You knew the following spells:

 Your Spells              Type           Power        Failure   Level  Hunger
a - Flame Tongue          Conj/Fire      ###..        3%          1    None


Dungeon Overview and Level Annotations

Branches:
Dungeon (3/15)

Altars:


Message History

Reactivating autopickup.
You feel a bit more experienced.
You're too confused to move!
You're too confused!
The orc priest hits you but does no damage.
Unknown command.
The orc priest hits you with a dagger.
You're too confused to move!
You feel less confused. The orc misses you.
The orc priest invokes the aid of Beogh against you.
Pain shoots through your body!
* * * LOW HITPOINT WARNING * * *
As you read the scroll labeled ESTROAX DUNATEGROT, it crumbles to dust.
It is a scroll of identify.
l - 3 scrolls of fog The orc closely misses you.
The orc priest calls down the wrath of Beogh upon you.
Beogh smites you!
You die...

....... #..........#
.....?. #..........#
....... #..........#
....... #..........#
.......###..........#
..$....'.'..........+ #
.......###.).K.o....#+###.#
.?..... ###...o...........
....... #..oo@(.......#
#...... #.............#
#....## #######....###
#...o #####.###### #....
#............ #.###.#######
#.# #.# #.# #.# #.# #.#


You could see an orc priest, 3 orcs and a kobold.

Vanquished Creatures
  An iguana (D:3)
  An adder (D:2)
  2 dart slugs
  8 goblins
  4 hobgoblins
  3 jackals (D:1)
  8 bats
  3 frilled lizards (D:2)
  7 kobolds
  8 rats
45 creatures vanquished.

Vanquished Creatures (others)
  An orc wizard (D:3)
1 creature vanquished.

Grand Total: 46 creatures vanquished

Notes
Turn   | Place    | Note
-------+----------+-------------------------------------------
     0 | D:1      | McKennaii the Deep Elf Fire Elementalist began the quest for the Orb.
     0 | D:1      | Reached XP level 1. HP: 10/10 MP: 6/6
   247 | D:1      | Reached XP level 2. HP: 12/15 MP: 5/8
   880 | D:2      | Reached XP level 3. HP: 19/19 MP: 8/10
  1463 | D:3      | Reached XP level 4. HP: 24/24 MP: 6/12
  1502 | D:3      | Killed from afar by an orc priest

Skill      XL: |  1  2  3 |
---------------+----------+-----
Spellcasting   | 4 |  4.5
Conjurations   | 2 |  2.1
Fire Magic     | 4 |  4.1
Fighting       | |  0.1
Dodging        | |  2.7
Stealth        | |  2.8
Unarmed Combat | |  0.1

Action                   |  1- 3 |  4- 6 || total
-------------------------+-------+-------++-------
Melee: Unarmed           |     3 |       ||     3
 Cast: Flame Tongue      |    73 |     4 ||    77
  Use: Scroll            |       |     1 ||     1
  Eat: Chunk             |     1 |     1 ||     2
Armor: Robe              |     8 |       ||     8
Dodge: Dodged            |    26 |     3 ||    29
